 Dungeon Crawl Stone Soup version 0.30-a0-359-gd0147acb1a (webtiles) character file.

Game seed: 4609427035629136494

196 ragingrage the Slasher (level 5, -1/37 HPs)
             Began as a Merfolk Wanderer on Nov 11, 2022.
             Slain by a bullfrog zombie (6 damage)
             ... in an ossuary.
             The game lasted 00:02:32 (2502 turns).

ragingrage the Slasher (Merfolk Wanderer)           Turns: 2502, Time: 00:02:32

Health: -1/37      AC:  6    Str: 11    XL:     5   Next: 74%
Magic:  9/9        EV: 11    Int: 13    God:
Gold:   147        SH:  0    Dex: 15    Spells: 9/10 levels left

rFire   . . .      SeeInvis .    t - +2 falchion
rCold   . . .      Faith    .    (no shield)
rNeg    + . .      Spirit   .    i - +0 leather armour
rPois   .          Reflect  .    o - +0 helmet
rElec   .          Harm     .    j - +0 cloak
rCorr   .          Rampage  .    e - +0 pair of gloves
Will    .....                    (no boots)
Stlth   +.........               (no amulet)
HPRegen 0.26/turn                p - ring of positive energy
MPRegen 0.11/turn                (no ring)

@: mighty, hasted, very quick
A: (nimble swimmer 2), mertail
a: no special abilities


You were in an ossuary.
You visited 1 branch of the dungeon, and saw 4 of its levels.
You also visited: Ossuary.

You collected 147 gold pieces.

Inventory:

Hand Weapons
 a - a +0 dagger of venom
 b - a +1 short sword of draining
 t - a +2 falchion (weapon)
Missiles
 s - 3 javelins
Armour
 e - a +0 pair of gloves (worn)
 i - a +0 leather armour (worn)
 j - a +0 cloak (worn)
 o - a +0 helmet (worn)
Jewellery
 p - a ring of positive energy (left hand)
 D - a ring of ice
Scrolls
 d - 2 scrolls of teleportation {unknown}
 f - 2 scrolls of identify {unknown}
 g - a scroll of enchant armour {unknown}
 k - 2 scrolls of vulnerability {unknown}
 q - a scroll of magic mapping {unknown}
 u - a scroll of noise {unknown}
 v - a scroll of amnesia {unknown}
 x - 2 scrolls of fear {unknown}
 y - a scroll of enchant weapon {unknown}
 z - a scroll of torment {unknown}
 A - a scroll of summoning {unknown}
 C - a scroll of silence {unknown}
Potions
 c - a potion of attraction
 h - a potion of might
 l - a potion of curing {unknown}
 m - a potion of haste
 n - a potion of lignification {unknown}
 r - a potion of heal wounds {unknown}
 w - a potion of flight {unknown}
 B - a potion of degeneration {unknown}
 E - 2 potions of brilliance {unknown}


   Skills:
 - Level 1.1 Fighting
 + Level 7.5 Long Blades
 - Level 1.3 Dodging
 - Level 3.0 Spellcasting
 - Level 1.0 Earth Magic
 - Level 1.0 Evocations


You had 9 spell levels left.
You knew the following spells:

 Your Spells              Type           Power      Damage    Failure   Level
a - Sandblast             Erth           8%         2d5       21%         1

Your spell library contained the following spells:

 Spells                   Type           Power      Damage    Failure   Level
 Stone Arrow              Conj/Erth      6%         3d7       58%         3
 Ignite Poison            Fire/Tmut/Pois 1%         N/A       65%         3
 Kindle Blastsparks       Fire/Tloc/Air  2%         2d10      65%         3
 Freezing Cloud           Conj/Ice/Air   0%         6-21      100%        5


Dungeon Overview and Level Annotations

Branches:
Dungeon (4/15)            Ossuary (1/1)
 Temple: D:4-7

Altars:


Innate Abilities, Weirdness & Mutations

((You are very nimble when in or above water. (Stealth+, EV+, Speed+++)))
Your lower body shifts to a powerful aquatic tail in water.


Message History

The puff of frost hits you.
* * * LOW HITPOINT WARNING * * *
There is an open door here.
You barely miss the bog mummy.
A mummy comes into view.
The bog mummy misses you.
You slash the bog mummy!
The bog mummy is heavily damaged.
You barely miss the bog mummy.
The bog mummy is heavily damaged.
The bog mummy closely misses you.
You hit the bog mummy.
The bog mummy is heavily damaged.
You slash the bog mummy!
You destroy the bog mummy!
You close the door.
A mummy opens the door.
There is an open door here.
You slash the mummy!
The mummy is moderately damaged.
The mummy barely misses you.
You slash the mummy!
The mummy is severely damaged.
A bullfrog zombie comes into view.
You hit the mummy but do no damage.
The mummy is severely damaged.
The mummy hits you but does no damage.
You barely miss the mummy.
The mummy is severely damaged.
The mummy hits you!
* * * LOW HITPOINT WARNING * * *
You closely miss the mummy.
The mummy is severely damaged.
You slash the mummy!
You destroy the mummy!
The bullfrog zombie hits you but does no damage.
It was a potion of haste.
You feel yourself speed up.
The bullfrog zombie hits you but does no damage.
You closely miss the bullfrog zombie. The bullfrog zombie hits you.
You die...

####### ##≈≈~#~#
#.#P#.~#
#+#+#+#@#'#~#≈##≈
......Z..~.~'.~≈≈
##'##'##~##.##~≈#
#.#...#.+ ≈## #
#.∩.#~# ~≈
#∩..#~+ #≈
#####~# # ~~+ #.#


You could see a bullfrog zombie.

Vanquished Creatures
  A jelly (D:3)
  An orc wizard (D:3)
  5 mummies (Ossuary)
  An adder (D:2)
  A dart slug (D:3)
  2 orcs (D:3)
  3 ball pythons
  2 bats (D:2)
  3 endoplasms
  A hobgoblin (D:3)
  4 jackals (D:3)
  2 frilled lizards (D:3)
  6 kobolds
  8 rats (D:1)
40 creatures vanquished.

Vanquished Creatures (others)
  2 withered plants (Ossuary)
2 creatures vanquished.

Grand Total: 42 creatures vanquished

Notes
Turn   | Place    | Note
-------+----------+-------------------------------------------
     0 | D:1      | ragingrage the Merfolk Wanderer began the quest for the
                  | Orb.
     0 | D:1      | ragingrage set off with the following items: a +2 falchion,
                  | a +0 pair of gloves, a potion of attraction, a +0 robe; and
                  | the following spell memorised: Sandblast; and the following
                  | spells available to memorise: Stone Arrow.
     0 | D:1      | Reached XP level 1. HP: 15/15 MP: 4/4
   199 | D:1      | Reached skill level 4 in Long Blades
   499 | D:1      | Reached XP level 2. HP: 21/21 MP: 6/6
   773 | D:2      | Reached skill level 5 in Long Blades
   773 | D:2      | Reached XP level 3. HP: 26/26 MP: 7/7
  1244 | D:2      | Found a faded altar of an unknown god.
  1858 | D:3      | Reached XP level 4. HP: 26/32 MP: 8/8
  2000 | D:3      | Reached skill level 6 in Long Blades
  2428 | D:4      | Found a sand-covered staircase.
  2433 | Ossuary  | Entered an ossuary
  2477 | Ossuary  | Reached skill level 7 in Long Blades
  2477 | Ossuary  | Reached XP level 5. HP: 12/37 MP: 9/9
  2502 | Ossuary  | Slain by a bullfrog zombie

Illustrated notes

Levels and vault maps discovered:
D:1:      ncdulo_wetmaze, layout_rooms, minmay_rat_gold_closets
D:2:      layout_basic, hellmonk_ecumenical_altar_pennies_from_heaven,
          amethyst_killhole
D:3:      layout_basic, grunt_decor_arrowhead
D:4:      layout_basic, mainiacjoe_overflow_small_starburst,
          grunt_temple_overflow_diamond, enter_ossuary_2, uniq_natasha,
          uniq_eustachio
Ossuary:  ossuary_zaba_flooded

Skill      XL: |  1  2  3  4 |
---------------+-------------+-----
Long Blades    | 4 5 7 |  7.5
Fighting       | |  1.1
Dodging        | |  1.3
Spellcasting   | |  3.0
Earth Magic    | |  1.0
Evocations     | |  1.0

Action                   |  1- 3 |  4- 6 || total
-------------------------+-------+-------++-------
Melee: Short sword       |    49 |    29 ||    78
       Falchion          |     7 |    26 ||    33
       Punch             |     2 |       ||     2
       Dagger            |       |    14 ||    14
       Tailslap          |       |     2 ||     2
 Cast: Sandblast         |     3 |       ||     3
  Use: Potion            |       |     2 ||     2
 Stab: Sleeping          |     1 |       ||     1
Armor: Robe              |     4 |       ||     4
       Leather armour    |    13 |    21 ||    34
Dodge: Dodged            |    23 |    17 ||    40

Table legend: (Time is in decaauts)
 A = Elapsed time spent in this place.
 B = Non-inter-level travel time spent in this place.
 C = Inter-level travel time spent in this place.
 D = Time resting spent in this place.
 E = Time spent auto-exploring this place.
 F = Levels seen in this place.
 G = Mean time per level.
                   A        B        C        D        E       F      G
               +--------+--------+--------+--------+--------+-----+--------+
         Total |   2470 |   2367 |    103 |     69 |   1930 |   5 |  494.0 |
       Dungeon |   2407 |   2304 |    103 |     59 |   1927 |   4 |  601.8 |
       Ossuary |     63 |     63 |      0 |     10 |      2 |   1 |   63.0 |
               +--------+--------+--------+--------+--------+-----+--------+

Top non-repeatable levels by time:
     D:2: 935 daAuts
     D:3: 796 daAuts
     D:1: 637 daAuts
 Ossuary: 63 daAuts
     D:4: 37 daAuts
